[Event "Titled Tuesday Blitz January 17 Early 2023"]
[White "Nakamura, Hikaru"]
[Black "Renjith, Sravan"]
[WhiteFideId "2016192"]
[BlackFideId "4306783"]
[WhiteElo "2775"]
[BlackElo "2172"]
[Result "1-0"]
[Round "01"]
[TimeControl "180+2"]
[Date "2023.01.17"]
[WhiteClock "0:00:44"]
[BlackClock "0:00:08"]

1. Nf3 Nf6 2. g3 g6 3. d3 Bg7 4. e4 d6 5. Bg2 O-O 6. O-O c5 7. c3 Nc6 8. Nbd2 e5 9. a3 h6 10. b4 b6 11. Re1 Be6 12. Bb2 Re8 13. h3 Qd7 14. Kh2 Rad8 15. b5 Nb8 16. a4 a5 17. d4 exd4 18. cxd4 cxd4 19. Nxd4 Nh7 20. Nf1 Nf8 21. Qd2 Qe7 22. Ne3 Nfd7 23. Ndf5 gxf5 24. Bxg7 f4 25. Bxh6 fxe3 26. Qxe3 f6 27. g4 Qh7 28. Bf4 Ne5 29. Kg1 Nbd7 30. Bg3 Nc5 31. f4 Nc4 32. Qc3 Qf7 33. Bf1 d5 34. f5 Bc8 35. exd5 Nd6 36. Rxe8+ Nxe8 37. Bf2 Ne4 38. Qe3 Nxf2 39. Qxb6 Qxd5 40. Qxf2 Bb7 41. Bg2 Qxg2+ 42. Qxg2 Bxg2 43. Kxg2 Nd6 44. Rd1 Kf7 45. h4 Ke7 46. Kf3 Rc8 47. Re1+ Kf7 48. Re6 Nc4 49. g5 Ne5+ 50. Ke4 Nd7 51. g6+ Kf8 52. Rd6 Nc5+ 53. Kd5 Ke7 54. h5 Nxa4 55. Re6+ Kf8 56. Rxf6+ Kg8 57. Rc6 Nc3+ 58. Kc4 Rxc6+ 59. bxc6 Ne4 60. c7 Nd6+ 61. Kc5 Nc8 62. f6 Kf8 63. h6 Kg8 64. h7+ Kh8 65. f7 1-0


[Site "https://www.chess.com"]

[Event "Titled Tuesday Blitz January 17 Early 2023"]
[White "Berezin, Viktor"]
[Black "Dubov, Daniil"]
[WhiteFideId "14107872"]
[BlackFideId "24126055"]
[WhiteElo "2307"]
[BlackElo "2708"]
[Result "0-1"]
[Round "01"]
[TimeControl "180+2"]
[Date "2023.01.17"]
[WhiteClock "0:00:02"]
[BlackClock "0:00:26"]

1. d4 d5 2. c4 e6 3. Nf3 Nf6 4. g3 Be7 5. Bg2 O-O 6. O-O dxc4 7. Qc2 b5 8. a4 b4 9. Nfd2 Nd5 10. Nxc4 c5 11. Rd1 cxd4 12. Rxd4 Nc6 13. Rd1 Ba6 14. e4 b3 15. Qxb3 Rb8 16. Qf3 Bxc4 17. exd5 Bxd5 18. Qe2 Bf6 19. Nc3 Nd4 20. Qd3 Bb3 21. Rf1 Nc2 22. Qxd8 Rfxd8 23. Rb1 Bc4 24. Bf4 e5 25. Rfc1 exf4 26. Rxc2 Bd3 27. Rbc1 Bxc2 28. Rxc2 Bxc3 29. Rxc3 fxg3 30. hxg3 Rxb2 31. Rc7 g6 32. Rxa7 Rd1+ 33. Kh2 Rxf2 34. Kh3 h5 35. a5 Rdd2 36. Kh4 Rxg2 37. a6 Rd5 38. g4 hxg4 0-1


[Site "https://www.chess.com"]

[Event "Titled Tuesday Blitz January 17 Early 2023"]
[White "Naroditsky, Daniel"]
[Black "Iljin, Timofey"]
[WhiteFideId "2026961"]
[BlackFideId "14110180"]
[WhiteElo "2618"]
[BlackElo "2329"]
[Result "1-0"]
[Round "01"]
[TimeControl "180+2"]
[Date "2023.01.17"]
[WhiteClock "0:01:28"]
[BlackClock "0:00:11"]

1. e4 e5 2. Nf3 Nc6 3. Bb5 a6 4. Ba4 Nf6 5. O-O b5 6. Bb3 Bc5 7. d3 d6 8. Nc3 h6 9. Nd5 Na5 10. d4 exd4 11. Nxd4 Nxb3 12. axb3 Bb7 13. Nf5 Nxd5 14. exd5 Qf6 15. Qg4 g6 16. Re1+ Kf8 17. Ne3 Re8 18. Bd2 h5 19. Qg3 Kg7 20. Bc3 Bd4 21. Bxd4 1-0


[Site "https://www.chess.com"]

[Event "Titled Tuesday Blitz January 17 Early 2023"]
[White "Biastoch, Bennet"]
[Black "Andreikin, Dmitry"]
[WhiteFideId "12939889"]
[BlackFideId "4158814"]
[WhiteElo "2257"]
[BlackElo "2729"]
[Result "0-1"]
[Round "01"]
[TimeControl "180+2"]
[Date "2023.01.17"]
[WhiteClock "0:01:10"]
[BlackClock "0:02:00"]

1. e4 c5 2. Nf3 Nc6 3. d4 cxd4 4. Nxd4 Qb6 5. Nb3 Nf6 6. Nc3 e6 7. Be3 Qc7 8. Be2 a6 9. O-O Bb4 10. Bd3 O-O 11. Ne2 d5 12. c3 Bd6 13. exd5 Bxh2+ 14. Kh1 Nxd5 15. g3 Nxe3 16. fxe3 Bxg3 17. Rg1 Be5 18. Qf1 g6 19. Qh3 b5 20. Rg4 Bb7 21. Kg1 Rad8 22. Nbd4 Nxd4 23. exd4 Bg7 24. Rf1 e5 25. Rh4 exd4 26. Rxh7 dxc3 27. Nf4 Rxd3 28. Rxg7+ Kxg7 29. Qxd3 Qc5+ 30. Kh2 Rh8+ 31. Kg3 Qg5+ 0-1


[Site "https://www.chess.com"]

[Event "Titled Tuesday Blitz January 17 Early 2023"]
[White "Artemiev, Vladislav"]
[Black "Khamdamova, Afruza"]
[WhiteFideId "24101605"]
[BlackFideId "14210444"]
[WhiteElo "2701"]
[BlackElo "2162"]
[Result "1-0"]
[Round "01"]
[TimeControl "180+2"]
[Date "2023.01.17"]
[WhiteClock "0:00:15"]
[BlackClock "0:00:07"]

1. d4 Nf6 2. c4 e6 3. Nf3 d5 4. Nc3 Be7 5. Bg5 O-O 6. e3 b6 7. Rc1 Bb7 8. Bxf6 Bxf6 9. cxd5 exd5 10. b4 c5 11. bxc5 bxc5 12. dxc5 Qa5 13. Qd2 Rc8 14. Nb5 Qxd2+ 15. Kxd2 Bc6 16. Nfd4 Nd7 17. Nd6 Rc7 18. Nxc6 Rxc6 19. Bb5 Rc7 20. Bxd7 Rxd7 21. Nb5 d4 22. Rhd1 Rad8 23. Ke1 d3 24. c6 d2+ 25. Rxd2 Rxd2 26. c7 a6 27. Na7 Bb2 28. c8=Q Bxc1 29. Qxc1 Rxa2 30. Nc6 Re8 31. Ne7+ Kh8 32. Qc7 h6 33. Nf5 Kg8 34. Nd6 Rf8 35. Qc3 a5 36. Nf5 f6 37. Qc4+ 1-0


[Site "https://www.chess.com"]

[Event "Titled Tuesday Blitz January 17 Early 2023"]
[White "Kvaloy, Aksel Bu"]
[Black "Martinez Alcantara, Jose Eduardo"]
[WhiteFideId "1528815"]
[BlackFideId "3805662"]
[WhiteElo "2321"]
[BlackElo "2619"]
[Result "0-1"]
[Round "01"]
[TimeControl "180+2"]
[Date "2023.01.17"]
[WhiteClock "0:00:03"]
[BlackClock "0:00:55"]

1. d4 Nf6 2. c4 e6 3. g3 c5 4. d5 d6 5. Nc3 exd5 6. cxd5 g6 7. Bg2 Bg7 8. Nf3 a6 9. a4 O-O 10. O-O Nbd7 11. Bf4 Qe7 12. Nd2 Nh5 13. Be3 Rb8 14. a5 Ne5 15. h3 f5 16. f4 Ng4 17. hxg4 Qxe3+ 18. Rf2 Nxg3 19. Nc4 Qe7 20. Qd3 Ne4 21. Bxe4 fxe4 22. Qxe4 Qf6 23. g5 Qd8 24. Qg2 Qe7 25. Qe4 Qd8 26. Qg2 Bd7 27. Nxd6 Bd4 28. Nc4 Bb5 29. e3 Bxc3 30. bxc3 Bxc4 31. e4 Qd6 32. Qg3 Rbe8 33. Re1 Qc7 34. Kh2 Bxd5 0-1


[Site "https://www.chess.com"]

[Event "Titled Tuesday Blitz January 17 Early 2023"]
[White "Cella, Glaucio Dalla Cortt"]
[Black "Sarana, Alexey"]
[WhiteFideId "2119455"]
[BlackFideId "24133795"]
[WhiteElo "1894"]
[BlackElo "2685"]
[Result "0-1"]
[Round "01"]
[TimeControl "180+2"]
[Date "2023.01.17"]
[WhiteClock "0:00:06"]
[BlackClock "0:01:27"]

1. e4 e5 2. Nf3 Nc6 3. d4 exd4 4. Bc4 Nf6 5. e5 d5 6. Bb5 Nd7 7. O-O Be7 8. Bxc6 bxc6 9. Nxd4 Nb8 10. f4 c5 11. Nf3 d4 12. c3 d3 13. c4 Bf5 14. Nc3 Nc6 15. Be3 Nb4 16. Qa4+ c6 17. a3 Nc2 18. Rae1 Qd7 19. Bd2 Nxe1 20. Rxe1 O-O 21. e6 fxe6 22. Ne5 Qb7 23. Qxc6 Qxc6 24. Nxc6 Bf6 25. h3 h5 26. Kf2 Rfc8 27. Ne5 Rab8 28. Nd1 Rb3 29. Nd7 Bd4+ 30. Be3 d2 31. Re2 Rxe3 32. Rxe3 Bc2 33. Ke2 Bxd1+ 34. Kxd2 Ba4 35. Rxe6 Bxd7 36. Rd6 Rd8 37. b4 Kf7 38. bxc5 Bxc5 39. Rd5 Be7 40. Kd3 Bc6 41. Rxd8 Bxd8 42. Kd4 Bxg2 43. Kc5 Bxh3 44. a4 Bg2 45. Kb5 h4 46. c5 h3 47. Ka6 h2 48. Kxa7 h1=Q 0-1


[Site "https://www.chess.com"]

[Event "Titled Tuesday Blitz January 17 Early 2023"]
[White "Deac, Bogdan-Daniel"]
[Black "Buksa, Nataliya"]
[WhiteFideId "1226380"]
[BlackFideId "14123622"]
[WhiteElo "2700"]
[BlackElo "2406"]
[Result "1-0"]
[Round "01"]
[TimeControl "180+2"]
[Date "2023.01.17"]
[WhiteClock "0:00:05"]
[BlackClock "0:00:02"]

1. c4 e6 2. g3 d5 3. Bg2 Nf6 4. Nf3 Be7 5. b3 d4 6. e3 c5 7. exd4 cxd4 8. Ne5 O-O 9. Bb2 a5 10. O-O Ra6 11. Na3 Nc6 12. Qe2 a4 13. d3 Re8 14. Nb5 Bc5 15. bxa4 h6 16. f4 Re7 17. g4 Nxe5 18. fxe5 Nh7 19. Rf4 Rb6 20. a5 Rxb5 21. cxb5 Qxa5 22. a4 b6 23. Qf2 Bb7 24. h4 Nf8 25. Bxb7 Rxb7 26. h5 Nh7 27. Bxd4 Ng5 28. Kg2 Rc7 29. Rf1 Qa8+ 30. Kg3 Qxa4 31. Bxc5 Qxb5 32. Be3 Qxd3 33. Rd4 Qb3 34. Kh4 Rc3 35. Rd8+ Kh7 36. Re1 Qc4 37. Qe2 Rd3 38. Rxd3 Qe4 39. Kg3 Nh3 40. Kxh3 Qxe5 41. Kg2 Qe4+ 42. Kg1 Qe5 43. Rd4 Qg3+ 44. Kf1 Qh3+ 45. Qg2 Qh4 46. Bf2 Qf6 47. Qe4+ g6 48. hxg6+ Kg7 49. Red1 Qg5 50. gxf7 Qb5+ 51. Kg2 Qg5 52. f8=Q+ 1-0


[Site "https://www.chess.com"]

[Event "Titled Tuesday Blitz January 17 Early 2023"]
[White "Danielyan, Vahe"]
[Black "Paravyan, David"]
[WhiteFideId "13304828"]
[BlackFideId "4194985"]
[WhiteElo "2346"]
[BlackElo "2601"]
[Result "0-1"]
[Round "01"]
[TimeControl "180+2"]
[Date "2023.01.17"]
[WhiteClock "0:00:18"]
[BlackClock "0:00:17"]

1. e4 e5 2. Nc3 Nf6 3. Nf3 Nc6 4. Bb5 Nd4 5. O-O c6 6. Bd3 Nxf3+ 7. Qxf3 d6 8. Bc4 Be7 9. d3 O-O 10. a4 h6 11. h3 Be6 12. Qe2 d5 13. exd5 cxd5 14. Bb3 Bd6 15. Nb5 Bb8 16. Bd2 Re8 17. a5 a6 18. Nc3 d4 19. Na4 Bxb3 20. cxb3 Ba7 21. Bb4 Qd5 22. Qd1 Rac8 23. Nb6 Bxb6 24. axb6 Rc6 25. Ra5 Qd7 26. Re1 Rxb6 27. Bd2 Rb5 28. Ra4 Qd5 29. Rc4 Rb6 30. Re2 Rc6 31. Qe1 Nd7 32. Bf4 f6 33. Bg3 Nc5 34. Qd1 b5 35. Rc1 Rec8 36. Rec2 Ne6 37. Rxc6 Rxc6 38. Rxc6 Qxc6 39. Qg4 Kf7 40. b4 g6 41. Kh2 h5 42. Qd1 Ke7 43. Qa1 Kd7 44. Qa2 g5 45. h4 g4 46. Qa1 Kd6 47. Qe1 Qd5 48. Qa1 f5 49. Qxa6+ Ke7 50. Qb7+ Qxb7 0-1


[Site "https://www.chess.com"]

[Event "Titled Tuesday Blitz January 17 Early 2023"]
[White "Daneshvar, Bardiya"]
[Black "Goldin, Alexander"]
[WhiteFideId "12576468"]
[BlackFideId "2019540"]
[WhiteElo "2540"]
[BlackElo "2542"]
[Result "0-1"]
[Round "01"]
[TimeControl "180+2"]
[Date "2023.01.17"]
[WhiteClock "0:00:05"]
[BlackClock "0:00:11"]

1. b3 d5 2. Bb2 c5 3. e3 a6 4. Nf3 Nc6 5. d4 cxd4 6. Nxd4 e6 7. Nxc6 bxc6 8. Be2 Nf6 9. O-O Bd6 10. c4 O-O 11. Nc3 Bb7 12. Rc1 Qe7 13. Qc2 Rac8 14. e4 dxe4 15. Nxe4 Nxe4 16. Qxe4 c5 17. Qe3 e5 18. Rcd1 f5 19. f4 e4 20. Rd2 Rcd8 21. Rfd1 Bc7 22. g3 Rxd2 23. Rxd2 Rd8 24. Kf2 Rxd2 25. Qxd2 Qd6 26. Qxd6 Bxd6 27. Bc3 Kf7 28. Ke3 g6 29. a3 Bc6 30. b4 Ba4 31. g4 Ke6 32. b5 axb5 33. cxb5 Bb3 34. b6 Kd7 35. Bb5+ Kc8 36. a4 fxg4 37. Kxe4 h5 38. Bc6 h4 39. a5 Bc4 40. Be1 h3 41. Bg3 Bb8 42. Ke3 Bd6 43. Be4 Ba6 44. Bxg6 c4 45. Bf5+ Kb7 46. Bxg4 Bc5+ 47. Ke2 c3+ 48. Kd1 Bd3 49. Bf3+ Ka6 50. b7 Be3 51. b8=Q c2+ 52. Ke1 c1=Q+ 53. Bd1 Qd2# 0-1


[Site "https://www.chess.com"]

[Event "Titled Tuesday Blitz January 17 Early 2023"]
[White "Goltseva, Ekaterina"]
[Black "Bluebaum, Matthias"]
[WhiteFideId "24173770"]
[BlackFideId "24651516"]
[WhiteElo "2283"]
[BlackElo "2669"]
[Result "0-1"]
[Round "01"]
[TimeControl "180+2"]
[Date "2023.01.17"]
[WhiteClock "0:00:02"]
[BlackClock "0:00:42"]

1. d4 d5 2. c4 e6 3. Nf3 Nf6 4. g3 Nc6 5. Bg2 Bd6 6. O-O O-O 7. Nc3 dxc4 8. e4 e5 9. d5 Na5 10. Nd2 Bd7 11. Qe1 b5 12. f4 Re8 13. Nf3 exf4 14. e5 b4 15. Ne4 Bxe5 16. Nxe5 Rxe5 17. Nxf6+ Qxf6 18. Qxb4 Re2 19. Qxa5 Qd4+ 20. Kh1 Rxg2 21. Kxg2 Qe4+ 22. Kg1 Bh3 23. Qd2 Bxf1 24. Kxf1 Qh1+ 25. Kf2 Qxh2+ 26. Kf1 Qh1+ 27. Kf2 Re8 28. gxf4 h5 29. a4 h4 30. Ra3 h3 31. Re3 Qg2+ 32. Ke1 Qxd2+ 33. Bxd2 Rxe3+ 34. Bxe3 h2 0-1


[Site "https://www.chess.com"]

[Event "Titled Tuesday Blitz January 17 Early 2023"]
[White "Sadhwani, Raunak"]
[Black "Eynullayev, Atilla"]
[WhiteFideId "35093487"]
[BlackFideId "13413570"]
[WhiteElo "2627"]
[BlackElo "2281"]
[Result "0-1"]
[Round "01"]
[TimeControl "180+2"]
[Date "2023.01.17"]
[WhiteClock "0:00:13"]
[BlackClock "0:00:40"]

1. b3 Nf6 2. Bb2 g6 3. g3 Bg7 4. Bg2 O-O 5. Nf3 d5 6. c4 c6 7. O-O b6 8. d3 Bb7 9. Nbd2 c5 10. d4 dxc4 11. Nxc4 Nbd7 12. Rc1 Rc8 13. Ba3 Re8 14. dxc5 Nxc5 15. Nce5 Nfe4 16. h4 Qxd1 17. Rfxd1 Red8 18. b4 Rxd1+ 19. Rxd1 Nc3 20. Rd2 Nb1 21. Rd1 Nxa3 22. bxc5 bxc5 23. Rd3 Nc2 24. Nxf7 Bxf3 25. Rxf3 Nd4 26. Ng5 Nxf3+ 27. Bxf3 h6 28. Bd5+ Kh8 29. Nf7+ Kh7 30. Be4 Bf6 31. h5 Kg7 32. hxg6 c4 33. Bc2 Rb8 0-1


[Site "https://www.chess.com"]

[Event "Titled Tuesday Blitz January 17 Early 2023"]
[White "Sai Han Thiha"]
[Black "Eljanov, Pavel"]
[WhiteFideId "13012290"]
[BlackFideId "14102951"]
[WhiteElo "2070"]
[BlackElo "2705"]
[Result "0-1"]
[Round "01"]
[TimeControl "180+2"]
[Date "2023.01.17"]
[WhiteClock "0:00:03"]
[BlackClock "0:01:11"]

1. d4 Nf6 2. c4 e6 3. Nf3 b6 4. g3 Bb7 5. Bg2 Bb4+ 6. Bd2 Be7 7. Nc3 c6 8. e4 d5 9. Qe2 dxc4 10. e5 Nd5 11. Ne4 h6 12. Qxc4 O-O 13. Qc2 Nd7 14. h4 c5 15. Nfg5 hxg5 16. hxg5 g6 17. Nf6+ N5xf6 18. gxf6 Bxg2 19. Ke2 Nxf6 20. exf6 Bxf6 21. Rh2 Qd5 22. Qd3 Qe4+ 23. Qe3 cxd4 24. Qxe4 Bxe4 25. f3 Bd5 26. g4 g5 27. Rah1 Rfe8 28. Rh5 Kf8 29. Bxg5 Bxg5 30. Rxg5 Ke7 0-1


[Site "https://www.chess.com"]

[Event "Titled Tuesday Blitz January 17 Early 2023"]
[White "Bortnyk, Olexandr"]
[Black "Lehtosaari, Mauri"]
[WhiteFideId "14120828"]
[BlackFideId "501999"]
[WhiteElo "2605"]
[BlackElo "2176"]
[Result "1-0"]
[Round "01"]
[TimeControl "180+2"]
[Date "2023.01.17"]
[WhiteClock "0:01:54"]
[BlackClock "0:00:03"]

1. e4 c5 2. c3 Nf6 3. e5 Nd5 4. d4 cxd4 5. Nf3 e6 6. cxd4 d6 7. Bc4 Nc6 8. O-O Be7 9. Qe2 O-O 10. Rd1 Bd7 11. a3 a6 12. Bd3 f5 13. exd6 Bxd6 14. Nc3 Nxc3 15. bxc3 Ne7 16. Bg5 h6 17. Bxe7 Qxe7 18. Re1 Rae8 19. Ne5 Bxe5 20. Qxe5 Bc6 21. c4 Qd7 22. Rad1 Qf7 23. Re3 f4 24. Rh3 Qf6 25. Rh5 Qxe5 26. Rxe5 g5 27. f3 Kg7 28. Kf2 Kf6 29. Rde1 Bd7 30. g3 fxg3+ 31. hxg3 Rd8 32. Rh1 Kg7 33. Ke3 Rf6 34. Be4 Rdf8 35. Rb1 b5 36. c5 Bc8 37. c6 R8f7 38. Rc5 Rc7 39. Kd3 Kf7 40. Kc3 Ke7 41. Kb4 Kd6 42. Ka5 Rf8 43. Kb6 Rff7 44. Rh1 Rh7 45. Bxh7 Rxh7 46. Rxg5 1-0


[Site "https://www.chess.com"]

[Event "Titled Tuesday Blitz January 17 Early 2023"]
[White "Md, Imran"]
[Black "Narayanan.S.L"]
[WhiteFideId "25748580"]
[BlackFideId "5058422"]
[WhiteElo "2284"]
[BlackElo "2660"]
[Result "0-1"]
[Round "01"]
[TimeControl "180+2"]
[Date "2023.01.17"]
[WhiteClock "0:00:05"]
[BlackClock "0:00:55"]

1. d4 d5 2. c4 e6 3. Nf3 a6 4. e3 dxc4 5. Bxc4 b5 6. Be2 Bb7 7. O-O Nd7 8. Nc3 Ngf6 9. a3 Bd6 10. b4 O-O 11. Bb2 e5 12. dxe5 Nxe5 13. Nxe5 Bxe5 14. Bf3 Bxf3 15. gxf3 Qe7 16. f4 Rad8 17. Qf3 Bxc3 18. Bxc3 Ne4 19. Rac1 f5 20. Kh1 Rf7 21. Rg1 h6 22. Bd4 Qe6 23. Qg2 Rdd7 24. f3 Nd6 25. Rc5 Nc4 26. Qf2 Kh7 27. h4 Rd5 28. Qg3 Rxc5 29. bxc5 Qe7 30. h5 Kg8 31. Re1 c6 32. e4 fxe4 33. Rxe4 Qd7 34. Kg2 a5 35. Qe1 Qf5 36. Re8+ Kh7 37. Qe4 Qxe4 38. fxe4 Nxa3 39. f5 Nc4 40. Kf3 a4 41. Kf4 Rd7 42. Bc3 Rd3 43. Bb4 Rb3 44. Be1 a3 45. e5 a2 46. Ra8 Na3 0-1


[Site "https://www.chess.com"]

[Event "Titled Tuesday Blitz January 17 Early 2023"]
[White "Terry, Renato"]
[Black "Vovk, Orest"]
[WhiteFideId "3803457"]
[BlackFideId "14113490"]
[WhiteElo "2520"]
[BlackElo "2315"]
[Result "1/2-1/2"]
[Round "01"]
[TimeControl "180+2"]
[Date "2023.01.17"]
[WhiteClock "0:00:03"]
[BlackClock "0:00:18"]

1. e4 g5 2. d4 h6 3. Nc3 Bg7 4. f4 c5 5. dxc5 Bxc3+ 6. bxc3 Nc6 7. fxg5 hxg5 8. Bxg5 Qa5 9. Qd2 Qxc5 10. Nf3 d6 11. Rb1 a6 12. a4 Bg4 13. Rxb7 Bxf3 14. gxf3 Ne5 15. Be2 Rxh2 16. Rf1 Nc4 17. Qd5 Ne3 18. Rxe7+ Nxe7 19. Qxa8+ Nc8 20. Bxe3 Qxe3 21. Qxc8+ Ke7 22. Qc7+ Ke8 23. Qc6+ Ke7 24. Qc7+ Ke8 25. Qc6+ Ke7 26. Qc7+ 1/2-1/2


[Site "https://www.chess.com"]

[Event "Titled Tuesday Blitz January 17 Early 2023"]
[White "Novikov, Evgenij"]
[Black "Korobov, Anton"]
[WhiteFideId "4125380"]
[BlackFideId "14105730"]
[WhiteElo "2276"]
[BlackElo "2664"]
[Result "0-1"]
[Round "01"]
[TimeControl "180+2"]
[Date "2023.01.17"]
[WhiteClock "0:00:13"]
[BlackClock "0:01:08"]

1. d4 Nf6 2. c4 e6 3. Nc3 d5 4. cxd5 exd5 5. Bg5 c6 6. e3 Be7 7. Bd3 h6 8. Bh4 O-O 9. Nge2 Nbd7 10. O-O Re8 11. a3 a5 12. Qc2 b5 13. Rae1 Bb7 14. f3 b4 15. axb4 axb4 16. Nd1 Rc8 17. Qb1 c5 18. dxc5 Nxc5 19. Bf5 Ra8 20. Bf2 Ba6 21. b3 Bd6 22. Bg3 Bxg3 23. hxg3 Qd6 24. g4 Nfd7 25. Rf2 Ne5 26. Nf4 g5 27. Nh5 Ned3 28. Rfe2 Nxe1 29. Rxe1 d4 30. Qb2 Nd3 31. Bxd3 Bxd3 32. Nf2 Bg6 33. Rd1 Rxe3 34. Qxd4 Re1+ 0-1


[Site "https://www.chess.com"]

[Event "Titled Tuesday Blitz January 17 Early 2023"]
[White "Lazavik, Denis"]
[Black "Musovic, Armin"]
[WhiteFideId "13515110"]
[BlackFideId "939935"]
[WhiteElo "2544"]
[BlackElo "2261"]
[Result "1-0"]
[Round "01"]
[TimeControl "180+2"]
[Date "2023.01.17"]
[WhiteClock "0:00:24"]
[BlackClock "0:00:22"]

1. d4 d5 2. c4 c5 3. cxd5 Nf6 4. dxc5 e6 5. Nf3 Bxc5 6. g3 exd5 7. Bg2 h6 8. O-O O-O 9. Nc3 Nc6 10. Bf4 a6 11. Rc1 Ba7 12. Ne5 Re8 13. Nxc6 bxc6 14. Na4 Ne4 15. Rxc6 Bd7 16. Rc1 Bb5 17. Be3 Bxe3 18. fxe3 Qg5 19. Rf4 Rad8 20. Nc3 Nxc3 21. Rxc3 d4 22. Rxd4 Rxd4 23. Qxd4 Bxe2 24. Qf4 Qa5 25. a3 Rd8 26. h3 Bh5 27. Qf2 Qe5 28. Kh2 Bg6 29. h4 Rb8 30. Qd2 Qb5 31. b4 Qe8 32. Rc5 Rd8 33. Rd5 Rc8 34. Rc5 Rd8 35. Qc1 Qe6 36. Rc6 Qb3 37. Rc8 Rxc8 38. Qxc8+ Kh7 39. Qc1 h5 40. Bf3 Kh6 41. Kg2 Qa2+ 42. Kg1 Kh7 43. Qc3 Bf5 44. Bxh5 Be4 45. Kf1 Qg2+ 46. Ke1 Qxg3+ 47. Kd2 Qh2+ 48. Be2 Bf3 49. Qd3+ g6 50. Qxa6 Be4 51. Qc4 Bf5 52. Qxf7+ Kh6 53. Qc4 Qd6+ 54. Qd4 Qc6 55. Qh8# 1-0


[Site "https://www.chess.com"]

[Event "Titled Tuesday Blitz January 17 Early 2023"]
[White "Vivas Zamora, Fabian Ernesto"]
[Black "Vokhidov, Shamsiddin"]
[WhiteFideId "3902480"]
[BlackFideId "14204223"]
[WhiteElo "2346"]
[BlackElo "2586"]
[Result "0-1"]
[Round "01"]
[TimeControl "180+2"]
[Date "2023.01.17"]
[WhiteClock "0:00:01"]
[BlackClock "0:01:21"]

1. e4 Nf6 2. e5 Nd5 3. d4 d6 4. Nf3 dxe5 5. Nxe5 c6 6. Bc4 Bf5 7. O-O Nd7 8. Nf3 e6 9. Bb3 Bd6 10. h3 O-O 11. Re1 b5 12. a4 Qc7 13. Nbd2 a6 14. Ne4 Be7 15. c3 c5 16. axb5 c4 17. b6 N7xb6 18. Bc2 h6 19. Ng3 Bxc2 20. Qxc2 a5 21. Ne5 a4 22. Re4 f5 23. Re1 Bd6 24. Nh5 Nd7 25. Nxd7 Qxd7 26. Qe2 Rfe8 27. Qxc4 a3 28. bxa3 Rac8 29. Qe2 Nxc3 30. Qf3 Nd5 31. Nf4 Rxc1 32. Raxc1 Nxf4 33. Ra1 Qa4 34. g3 Nxh3+ 35. Kg2 Ng5 36. Qd3 Rd8 37. d5 Bf8 38. f4 Rxd5 39. Qe2 Ne4 40. Qf3 Rb5 41. Re2 Rb3 42. Re3 Rxe3 43. Qxe3 Qc2+ 44. Kh3 Nf2+ 45. Kh4 Be7+ 46. Kh5 Ne4 0-1


[Site "https://www.chess.com"]

[Event "Titled Tuesday Blitz January 17 Early 2023"]
[White "Puranik, Abhimanyu"]
[Black "Pein, Jonathan"]
[WhiteFideId "5061245"]
[BlackFideId "417092"]
[WhiteElo "2613"]
[BlackElo "2265"]
[Result "1-0"]
[Round "01"]
[TimeControl "180+2"]
[Date "2023.01.17"]
[WhiteClock "0:01:38"]
[BlackClock "0:00:13"]

1. Nf3 g6 2. e4 Bg7 3. d4 d6 4. Nc3 Nf6 5. h3 Nc6 6. Be3 O-O 7. Qd2 e5 8. O-O-O exd4 9. Nxd4 Re8 10. f3 Nxd4 11. Bxd4 c5 12. Be3 Be6 13. Qxd6 Nd7 14. Bb5 Qa5 15. Bxd7 Bxc3 16. Bxe6 Rxe6 17. Qxc5 Qxa2 18. Qxc3 Qa1+ 19. Kd2 Qa6 20. Ke1 b5 21. Kf2 b4 22. Qd4 Rc8 23. Rd2 Qb7 24. Rhd1 Rec6 25. Bh6 Rxc2 26. Qg7# 1-0


[Site "https://www.chess.com"]

[Event "Titled Tuesday Blitz January 17 Early 2023"]
[White "Cappai, Davide"]
[Black "Jobava, Baadur"]
[WhiteFideId "813338"]
[BlackFideId "13601520"]
[WhiteElo "2140"]
[BlackElo "2578"]
[Result "1/2-1/2"]
[Round "01"]
[TimeControl "180+2"]
[Date "2023.01.17"]
[WhiteClock "0:00:14"]
[BlackClock "0:00:01"]

1. e4 c6 2. d4 d5 3. e5 Bf5 4. Nd2 e6 5. Nb3 h6 6. Nf3 Ne7 7. Be2 Bh7 8. Bd2 Ng6 9. a4 Be7 10. a5 O-O 11. O-O Re8 12. Ne1 Nd7 13. f4 c5 14. c3 Ngf8 15. Be3 cxd4 16. Nxd4 a6 17. Bd3 Bxd3 18. Nxd3 Ng6 19. Qh5 Bf8 20. Nb3 Rc8 21. Bd4 Ne7 22. Kh1 Nf5 23. Bf2 g6 24. Qf3 h5 25. g3 Be7 26. h3 Kg7 27. Kh2 Rh8 28. Rfe1 Qc7 29. Nd4 Nc5 30. Nxc5 Bxc5 31. Nxf5+ gxf5 32. Bxc5 Qxc5 33. Qe3 Qxe3 34. Rxe3 Rc4 35. Rd3 h4 36. Rf1 hxg3+ 37. Rxg3+ Kf8 38. b3 Rc5 39. Ra1 Ke7 40. Ra4 Rb5 41. b4 Rc8 42. Rd3 Rc4 43. Kg3 d4 44. Rxd4 Rxc3+ 45. Kh4 Rb3 46. Rc4 Rd5 47. Rc7+ Kf8 48. Ra1 Rdd3 49. Rc8+ Ke7 50. Rc7+ Rd7 51. Rxd7+ Kxd7 52. Rd1+ Ke7 53. Rd4 f6 54. Rc4 fxe5 55. fxe5 Kd7 56. Rd4+ Ke8 57. Rc4 Kd7 58. Rd4+ Kc7 59. Rc4+ Kb8 60. Rd4 Re3 61. Kg5 Rxe5 62. h4 Kc7 63. h5 f4+ 64. Kg6 f3 65. Rf4 Rf5 66. Rc4+ Kd6 67. Rc1 f2 68. Rf1 Ke7 69. h6 Rf6+ 70. Kg7 Rf7+ 71. Kg6 Rf3 72. h7 Rg3+ 73. Kh6 Rh3+ 74. Kg7 Rg3+ 75. Kh6 Rh3+ 76. Kg7 Rg3+ 77. Kh6 1/2-1/2


[Site "https://www.chess.com"]

[Event "Titled Tuesday Blitz January 17 Early 2023"]
[White "Bortnyk, Mykola"]
[Black "Mammadzada, Gunay"]
[WhiteFideId "14120836"]
[BlackFideId "13403729"]
[WhiteElo "2425"]
[BlackElo "2449"]
[Result "1-0"]
[Round "01"]
[TimeControl "180+2"]
[Date "2023.01.17"]
[WhiteClock "0:00:51"]
[BlackClock "0:00:02"]

1. e4 c5 2. c3 Nf6 3. e5 Nd5 4. Nf3 d6 5. Bc4 Nb6 6. Bb3 c4 7. Bc2 Nc6 8. exd6 Qxd6 9. O-O g6 10. b3 Bg7 11. Na3 cxb3 12. axb3 O-O 13. d4 Nd5 14. Bd2 a6 15. h3 e5 16. Nc4 Qc7 17. dxe5 b5 18. Nd6 Be6 19. c4 bxc4 20. Nxc4 Nb6 21. Nxb6 Qxb6 22. Re1 Rfd8 23. Qc1 Rac8 24. Be3 Qb5 25. Bg5 Rd7 26. Be4 Rdc7 27. Bxc6 Rxc6 28. Qf4 Qxb3 29. Bf6 Rc4 30. Qd2 Bxh3 31. Re3 Qb7 32. gxh3 Bh6 33. Rd1 Qxf3 34. Qd8+ 1-0


[Site "https://www.chess.com"]

[Event "Titled Tuesday Blitz January 17 Early 2023"]
[White "Kassimov, Baurzhan"]
[Black "Lenderman, Aleksandr"]
[WhiteFideId "13704800"]
[BlackFideId "2021285"]
[WhiteElo "2285"]
[BlackElo "2572"]
[Result "0-1"]
[Round "01"]
[TimeControl "180+2"]
[Date "2023.01.17"]
[WhiteClock "0:00:09"]
[BlackClock "0:00:28"]

1. d4 e6 2. Nf3 b6 3. g3 Bb7 4. Bg2 c5 5. O-O cxd4 6. Qxd4 Nf6 7. c4 Bc5 8. Qh4 O-O 9. Nc3 Be7 10. Qd4 d6 11. Rd1 a6 12. Bg5 Nbd7 13. Bxf6 Nxf6 14. Ng5 Bxg2 15. Kxg2 Qc7 16. Rac1 Rfd8 17. Nge4 Qc6 18. Kg1 Rac8 19. b3 h6 20. h3 Nxe4 21. Nxe4 f5 22. Nc3 Bf6 23. Qe3 Kf7 24. Qd3 Qb7 25. e4 Bxc3 26. Qxc3 Qxe4 27. Rd4 Qc6 28. Rcd1 b5 29. Qb4 Qc5 30. Qxc5 Rxc5 31. Rxd6 Rxd6 32. Rxd6 bxc4 33. bxc4 a5 34. Ra6 g5 35. Kg2 Kf6 36. Kf3 h5 37. Ke3 Rxc4 38. Rxa5 Re4+ 39. Kd3 Re1 40. a4 Rh1 41. Ra8 h4 42. a5 hxg3 43. fxg3 Rxh3 44. a6 Rxg3+ 45. Kc2 Ra3 46. a7 Ke5 47. Kb2 Ra6 48. Kc2 g4 49. Kd3 Ra2 50. Ke3 f4+ 51. Kd3 g3 0-1


[Site "https://www.chess.com"]